 Dungeon Crawl Stone Soup version 0.30-a0-883-g5ad918d77d (webtiles) character file.

Game seed: 13160214270521192307

13 Pimp the Stinger (level 2, -3/17 HPs)
             Began as an Octopode Venom Mage on Mar 16, 2023.
             Slain by a goblin
             ... wielding a +0 club
              (5 damage)
             ... on level 1 of the Dungeon.
             The game lasted 00:00:59 (183 turns).

Pimp the Stinger (Octopode Venom Mage)               Turns: 183, Time: 00:01:00

Health: -3/17      AC:  1    Str:  7    XL:     2   Next: 37%
Magic:  5/5        EV: 13    Int: 17    God:
Gold:   11         SH:  0    Dex: 12    Spells: 4/5 levels left

rFire   + . .      SeeInvis .    d - +0 glaive
rCold   + . .      Faith    .    (shield currently unavailable)
rNeg    . . .      Spirit   .    (helmet restricted)
rPois   +          Reflect  .    (no amulet)
rElec   +          Rampage  .    (no ring)
rCorr   +                        (no ring)
Will    .....                    (no ring)
Stlth   +++                      (no ring)
HPRegen 0.22/turn                (no ring)
MPRegen 0.09/turn                (no ring)
                                 (no ring)
                                 (no ring)

@: about to teleport, resistant
A: almost no armour, amphibious, 8 rings, camouflage 1, gelatinous body 1,
(nimble swimmer 1), tentacles
a: no special abilities


You were on level 1 of the Dungeon.
You visited 1 branch of the dungeon, and saw 1 of its levels.

You collected 11 gold pieces.

Inventory:

Hand Weapons
 c - a +0 hand axe
 d - a +0 glaive (weapon)
Scrolls
 f - a scroll of identify
Potions
 a - a potion of magic


   Skills:
 + Level 2.2 Dodging
 + Level 3.0 Stealth
 + Level 2.1 Spellcasting
 + Level 1.3 Transmutations
 + Level 3.8 Poison Magic


You had 4 spell levels left.
You knew the following spells:

 Your Spells              Type           Power      Damage    Failure   Level
a - Sting                 Tmut/Pois      40%        1d5       7%          1

Your spell library contained the following spells:

 Spells                   Type           Power      Damage    Failure   Level
 Poisonous Vapours        Pois/Air       16%        N/A       13%         2
 Mephitic Cloud           Conj/Pois/Air  6%         N/A       34%         3
 Olgreb's Toxic Radiance  Pois           14%        N/A       36%         4
 Frozen Ramparts          Ice            2%         1d1       50%         3
 Silence                  Hex/Air        0%         N/A       99%         5


Dungeon Overview and Level Annotations

Branches:
Dungeon (1/15)

Altars:


Innate Abilities, Weirdness & Mutations

You cannot wear most types of armour.
You are amphibious.
You can wear up to eight rings at the same time.
Your skin changes colour to match your surroundings (Stealth+).
Your rubbery body absorbs attacks. (AC +1, EV +1)
((You are camouflaged when in or above water. (Stealth+)))
You have tentacles for arms and can constrict up to eight enemies at once.


Message History

You kill the endoplasm!
A jackal comes into view.
The hobgoblin closely misses you. The hobgoblin misses you. The bat hits you.
Your Stealth skill increases to level 3!
The jackal barks!
You hit the hobgoblin.
You kill the hobgoblin!
The bat hits you but does no damage. The jackal bites you. The bat hits you.
The jackal closely misses you. The quokka barely misses you.
You barely miss the quokka. Your grab misses the quokka.
You squeeze the quokka.
You kill the quokka!
The bat hits you. The jackal barely misses you. x2
The goblin hits you with a +0 club. The bat hits you.
The goblin attacks as you move away! The goblin barely misses you.
The bat closely misses you. The jackal bites you.
The bat hits you but does no damage. The jackal completely misses you.
The bat misses you. The jackal attacks as you move away!
The jackal closely misses you. The bat barely misses you.
The jackal attacks as you move away! The jackal bites you.
The jackal completely misses you.
You slash the jackal!
You kill the jackal!
The goblin misses you.
You barely miss the quokka. Your grab misses the quokka. The quokka misses you.
The goblin hits you with a +0 club.
* * * LOW HITPOINT WARNING * * *
The quokka closely misses you.
As you read the scroll of teleportation, it crumbles to dust.
You feel strangely unstable. The quokka misses you.
The goblin hits you with a +0 club.
* * * LOW HITPOINT WARNING * * *
The jackal closely misses you.
Your magic is already full.
It was a potion of resistance.
You feel protected. The jackal closely misses you. The quokka misses you.
The goblin hits you with a +0 club.
You die...

#.....#####..........#..
#.....#.................
#.....................#
########....................##.
........................)......
..##...........................
..##..........###.....†.....##.
..............##.h......#####
.............###@r....###
....)........###g#...##
..............#bJ...##
..##............#..###
..##.................####
..##...##..........#....##
####.### .#......#....#..###
#.# ..........)........ #..
..#...........:....


You could see an endoplasm, a quokka, a jackal, a goblin and a bat.

Vanquished Creatures
  3 bats (D:1)
  2 endoplasms (D:1)
  2 goblins (D:1)
  A hobgoblin (D:1)
  A jackal (D:1)
  A quokka (D:1)
  A rat (D:1)
11 creatures vanquished.

Notes
Turn   | Place    | Note
-------+----------+-------------------------------------------
     0 | D:1      | Pimp the Octopode Venom Mage began the quest for the Orb.
     0 | D:1      | Reached XP level 1. HP: 11/11 MP: 3/3
   145 | D:1      | Reached XP level 2. HP: 15/17 MP: 5/5
   151 | D:1      | Got the Discursus on the Niveous Oath
   183 | D:1      | Slain by a goblin

Illustrated notes

Levels and vault maps discovered:
D:1:      nicolae_arrival_washed_ashore, layout_rooms,
          corexii_item_surrounded_by_moat

Skill      XL: |  1  2 |
---------------+-------+-----
Stealth        | 3 |  3.0
Dodging        | |  2.2
Spellcasting   | |  2.1
Transmutations | |  1.3
Poison Magic   | |  3.8

Action                     || total
---------------------------++-------
  Melee: Hand axe          ||     6
         Glaive            ||    10
         Constrict         ||     2
         Tentacles         ||     3
   Cast: Sting             ||     2
    Use: Scroll            ||     2
         Potion            ||     1
   Stab: Sleeping          ||     2
 Armour: Skin              ||     3
  Dodge: Dodged            ||    32

Table legend: (Time is in decaauts)
 A = Elapsed time spent in this place.
 B = Non-inter-level travel time spent in this place.
 C = Inter-level travel time spent in this place.
 D = Time resting spent in this place.
 E = Time spent auto-exploring this place.
 F = Levels seen in this place.
 G = Mean time per level.
                   A        B        C        D        E       F      G
               +--------+--------+--------+--------+--------+-----+--------+
         Total |    190 |    190 |      0 |     18 |     62 |   1 |  190.0 |
       Dungeon |    190 |    190 |      0 |     18 |     62 |   1 |  190.0 |
               +--------+--------+--------+--------+--------+-----+--------+

Top non-repeatable levels by time:
     D:1: 190 daAuts
